Description

This build order is really powerful and he is used by goblin in Grand Master. The goal the fastest proxy stargate possible with a 12 pylon, 13 gate opening. With this opening, you have enough unit in defense to hold most proxy that can happen.

VOD

https://youtu.be/Z-lX-PGTh3o

Replay - PvT proxy sg

Build Order

Get SALT Encoding   

  12  0:08  Pylon  
  12  0:13  Probe  
  13  0:26  Gateway  
  13  0:30  Probe (Chrono Boost)  
  14  0:39  Probe x2 (Chrono Boost)  
  14  0:41  Assimilator  
  16  0:53  Assimilator  
  16  0:56  Probe  
  17  1:08  Probe  
  18  1:15  Cybernetics Core  
  18  1:20  Probe  
  19  1:28  Pylon  
  19  1:32  Probe  
  20  1:45  Probe  
  21  1:54  Stargate  
  21  1:56  Adept (Chrono Boost)  
  21  2:01  Warp Gate  
  23  2:10  Pylon  
  23  2:19  Stalker  
  25  2:27  Probe  
  25  2:29  Void Ray (Chrono Boost)  
  30  2:45  Shield Battery  
  30  2:58  Void Ray (Chrono Boost)  
  34  3:07  Shield Battery  
  34  3:19  Shield Battery  
Spawning Tool Build Advisor. Get it on Overwolf

Go to:

Details

  • Created by: zuka      
  • Published on: Aug 31, 2020
  • Patch: 4.11.0
  • Difficulty: Easy
Show
View Real Time Build Order
Export as new Build Order

Comments (1)

On Sept. 12, 2020, 8:17 a.m., KiwiTaco  said:

The fastest is 1:48 proxy stargate, should tighten up that build and credit Uriel!

Create an account to comment!